 Dungeon Crawl Stone Soup version 0.27.1-2-g3b301248ec (webtiles) character file.

Game seed: 307155101339045773

64 Jawa73 the Skirmisher (level 4, -1/48 HPs)
             Began as an Octopode Wanderer on Sept 23, 2021.
             Slain by a scorpion (2 damage)
             ... on level 3 of the Dungeon.
             The game lasted 00:06:01 (1684 turns).

Jawa73 the Skirmisher (Octopode Wanderer)           Turns: 1684, Time: 00:06:01

Health: -1/48      AC: 22    Str: 12    XL:     4   Next: 12%
Magic:  2/6        EV:  2    Int: 15    God:
Gold:   45         SH:  0    Dex: 10    Spells: 1/5 levels left

rFire    . . .     SeeInvis .   b - +0 quarterstaff
rCold    . . .     Faith    .   (shield currently unavailable)
rNeg     + + +     Spirit   .   (helmet currently unavailable)
rPois    +         Reflect  .   h - amulet of the acrobat
rElec    .         Harm     .   g - ring of positive energy
rCorr    .         Rampage  .   (no ring)
Will     .....     NoTele   +   (no ring)
Stlth    +.........             (no ring)
HPRegen  0.16/turn              (no ring)
MPRegen  0.10/turn              (no ring)
                                (no ring)
                                (no ring)

@: lethally poisoned (-1 -> -14), tree-form
A: stationary, stasis, torment immunity, boosted hp, almost no armour,
(amphibious), 8 rings, (camouflage 1), (gelatinous body 1), (nimble swimmer 1),
(tentacles), deterioration 1, wild magic 1
a: no special abilities


You were on level 3 of the Dungeon.
You were a tree.
You visited 1 branch of the dungeon, and saw 3 of its levels.

You collected 45 gold pieces.

Inventory:

Hand Weapons
 a - a +2 dagger
 b - a +0 quarterstaff (weapon)
Missiles
 e - 66 stones
Jewellery
 g - a ring of positive energy (left branch)
 h - an amulet of the acrobat (around neck)
Potions
 d - a potion of cancellation


   Skills:
 + Level 3.6 Fighting
 * Level 1.5 Staves
 - Level 1.0 Throwing
 * Level 2.4 Dodging
 - Level 1.3 Stealth
 * Level 1.3 Spellcasting
 * Level 0.5 Conjurations
 * Level 2.3 Earth Magic


You had one spell level left.
You knew the following spells:

 Your Spells              Type           Power      Damage    Failure   Level
a - Sandblast             Erth           20%        2d7       13%         1
b - Stone Arrow           Conj/Erth      14%        3d7       45%         3

Your spell library contained the following spells:

 Spells                   Type           Power      Damage    Failure   Level
 Leda's Liquefaction      Hex/Erth       2%         N/A       87%         4
 Bolt of Magma            Conj/Fire/Erth 2%         4d4       99%         5
 Statue Form              Tmut/Erth      3%         N/A       100%        6


Dungeon Overview and Level Annotations

Branches:
Dungeon (3/15)

Altars:
Trog


Innate Abilities, Weirdness & Mutations

You are a tree.
Your roots penetrate the ground, keeping you stationary.
You cannot be teleported.
You are immune to unholy pain and torment.
Your maximum health is greatly increased.
You cannot wear most types of armour.
((You are amphibious.))
You can wear up to eight rings at the same time.
((Your skin changes colour to match your surroundings (Stealth+).))
((Your rubbery body absorbs attacks. (AC +1, EV +1)))
((You are camouflaged near water. (Stealth+)))
((You have tentacles for arms and can constrict up to eight enemies at once.))
Your body sometimes deteriorates upon taking damage.
Your spells are a little harder to cast, but a little more powerful.


Message History

The scorpion is moderately wounded.
The scorpion stings you.
* * * LOW HITPOINT WARNING * * *
You are lethally poisoned!
The scorpion poisons you!
Your magical effects are unravelling.
You feel magically purged.
You feel yourself slow down.
* * * LOW HITPOINT WARNING * * *
You feel sick.
It was a potion of mutation.
You feel extremely strange.
You feel yourself wasting away.
You feel less in control of your magic.
* * * LOW HITPOINT WARNING * * *
You feel sick. The scorpion barely misses you.
The scorpion stings you but does no damage.
It was a potion of lignification.
You turn into a tree.
Your roots penetrate the ground.
* * * LOW HITPOINT WARNING * * *
You feel sick.
The scorpion stings you but does no damage.
You barely miss the scorpion.
The scorpion is moderately wounded.
* * * LOW HITPOINT WARNING * * *
You feel sick. The scorpion stings you.
* * * LOW HITPOINT WARNING * * *
You are more poisoned.
The scorpion poisons you!
Casting: Sandblast (safe; 13% risk of failure)
Confirm with . or Enter, or press ? or * to list all spells.
The spell is quite dangerous to cast (45% risk of failure)!
Continue anyway?
Aiming: Stone Arrow (quite dangerous; 45% risk of failure)
Press: ? - help, Shift-Dir - straight line, f/p - scorpion
Aim: a scorpion (moderately wounded, 64% to hit)
The stone arrow hits the scorpion!
The scorpion is heavily wounded.
* * * LOW HITPOINT WARNING * * *
You feel very sick.
The scorpion stings you but does no damage.
The scorpion stings you.
You die...

##########...#. ...#.........
#............l.###...........
#..........# #...............
#..........#.#..#..#.#....#
#...<..(...#.##.........#
#............##.#....†..##.#
#####.####...................
#....#...#.##†.)..####...
####.#....♣s.>..........#
#.#..#.....####..... #
#..........# #.....
####..........# ....#
#.............# .....
#.##.......#### ##..
####.###......#
#....#.....#### #.####.##..#


You could see a scorpion.

Vanquished Creatures
  2 adders
  7 endoplasms
  3 giant cockroaches
  2 goblins (D:3)
  4 hobgoblins
  4 kobolds
  A quokka (D:1)
  6 ball pythons
  7 bats
  3 frilled lizards
  4 rats
43 creatures vanquished.

Notes
Turn   | Place    | Note
-------+----------+-------------------------------------------
     0 | D:1      | Jawa73 the Octopode Wanderer began the quest for the Orb.
     0 | D:1      | Jawa73 set off with the following items: a +2 dagger, a
                  | potion of haste, a +0 quarterstaff; and the following spell
                  | memorised: Sandblast; and the following spells available to
                  | memorise: Stone Arrow
     0 | D:1      | Reached XP level 1. HP: 16/16 MP: 2/2
   220 | D:1      | Found a faded altar of an unknown god.
   229 | D:1      | Reached XP level 2. HP: 21/21 MP: 3/3
   767 | D:2      | Found a bloodstained altar of Trog.
   940 | D:2      | Reached XP level 3. HP: 26/26 MP: 4/4
   944 | D:2      | Learned a level 3 spell: Stone Arrow
  1175 | D:2      | Identified a scroll of acquirement
  1175 | D:2      | Acquired an amulet of the acrobat
  1219 | D:2      | Reached skill level 1 in Staves
  1594 | D:3      | Reached XP level 4. HP: 28/32 MP: 6/6
  1664 | D:3      | Noticed a scorpion
  1676 | D:3      | HP: 1/32 [scorpion (8)]
  1681 | D:3      | Gained mutation: Your body sometimes deteriorates upon
                  | taking damage. [potion of mutation]
  1681 | D:3      | Gained mutation: Your spells are a little harder to cast,
                  | but a little more powerful. [potion of mutation]
  1684 | D:3      | HP: 1/48 [poisoned by a scorpion]
  1684 | D:3      | Slain by a scorpion

Illustrated notes

Levels and vault maps discovered:
D:1:      ncdulo_smallfort, layout_rooms, hellmonk_ecumenical_altar_heavens_door
D:2:      layout_loops_cross, basic_altar
D:3:      layout_rooms, uniq_jessica

Skill      XL: |  1  2  3 |
---------------+----------+-----
Staves         | 1 |  1.5
Fighting       | |  3.6
Throwing       | |  1.0
Dodging        | |  2.4
Stealth        | |  1.3
Spellcasting   | |  1.3
Conjurations   | |  0.5
Earth Magic    | |  2.3

Action                   |  1- 3 |  4- 6 || total
-------------------------+-------+-------++-------
Melee: Dagger            |    26 |       ||    26
       Constrict         |    16 |     3 ||    19
       Tentacles         |    11 |     2 ||    13
       Quarterstaff      |    46 |    12 ||    58
 Cast: Sandblast         |     3 |     1 ||     4
       Stone Arrow       |       |     1 ||     1
  Use: Scroll            |     4 |       ||     4
       Potion            |       |     5 ||     5
 Stab: Sleeping          |    12 |       ||    12
Armor: Skin              |     1 |     3 ||     4
Dodge: Dodged            |    55 |    11 ||    66
